IL
PAWTUCKET RED SOX @ FRESNO GRIZZLIES
07/27/2045
 
TOP OF THE 1ST
Pawtucket Red Sox batting - Pitching for Fresno Grizzlies : RHP Chad Curry
Pitching: RHP Chad Curry
Batting: RHB Nate Dickinson 0-0: Foul Ball, location: 2F
0-1: SINGLE (Groundball, 56D, EV 94.4 MPH)
Batting: LHB John Bailey 0-0: Ball
1-0: Called Strike
1-1: Ball
2-1: Called Strike
2-2: Ball
3-2: Base on Balls
Nate Dickinson to second
Batting: LHB Shoichi Aso 0-0: Foul Ball, location: 2F
0-1: Ball
1-1: Ball
2-1: Ball
3-1: SINGLE (Line Drive, 89M, EV 98.1 MPH)
Nate Dickinson to third
John Bailey to second
Batting: RHB Devon Fourcade 0-0: Called Strike
0-1: Ball
1-1: Grounds into double play, 5-4-3 (Groundball, 56S, EV 79.4 MPH)
Nate Dickinson scores
John Bailey to third
Batting: LHB Justin Wenzel 0-0: Ball
1-0: Called Strike
1-1: Swinging Strike
1-2: Foul Ball, location: 2F
1-2: Ball
2-2: Ball
3-2: Ground out 4-3 (Groundball, 4, EV 90.0 MPH)
Top of the 1st over - 1 run, 2 hits, 0 errors, 1 left on base; Pawtucket 1 - Fresno 0
BOTTOM OF THE 1ST
Fresno Grizzlies batting - Pitching for Pawtucket Red Sox : RHP Rafael Gonzales
Pitching: RHP Rafael Gonzales
Batting: LHB Bob Myers 0-0: Called Strike
0-1: Ball
1-1: Called Strike
1-2: Ball
2-2: Ball
3-2: Base on Balls
Batting: LHB Mike Davis 0-0: Ball
1-0: Called Strike
1-1: Ball
2-1: Foul Ball, location: 2F
2-2: Foul Ball, location: 2F
2-2: Strikes out looking
Bob Myers steals 2nd base (no throw)
Batter strikes out.
Batting: SHB Nate Kopchak 0-0: Swinging Strike
0-1: Ball
1-1: Swinging Strike
1-2: Ball
2-2: Strikes out looking
Batting: SHB Troy Kenyon 0-0: Ball
1-0: Ball
2-0: Called Strike
2-1: Foul Ball, location: 2F
2-2: Ball
3-2: Strikes out looking
Bottom of the 1st over - 0 runs, 0 hits, 0 errors, 1 left on base; Pawtucket 1 - Fresno 0
TOP OF THE 2ND
Pawtucket Red Sox batting - Pitching for Fresno Grizzlies : RHP Chad Curry
Batting: RHB Brandon Perris 0-0: Called Strike
0-1: Swinging Strike
0-2: Foul Ball, location: 2F
0-2: Strikes out swinging
Batting: LHB Noel Young 0-0: Ground out U3 (Groundball, 3, EV 87.5 MPH)
Batting: LHB Dave Reyes 0-0: Ball
1-0: Called Strike
1-1: Ball
2-1: Ground out 4-3 (Groundball, 4, EV 103.1 MPH)
Top of the 2nd over - 0 runs, 0 hits, 0 errors, 0 left on base; Pawtucket 1 - Fresno 0
BOTTOM OF THE 2ND
Fresno Grizzlies batting - Pitching for Pawtucket Red Sox : RHP Rafael Gonzales
Batting: LHB Chris Cabrera 0-0: Ball
1-0: Foul Ball, location: 2F
1-1: Ball
2-1: Ball
3-1: Called Strike
3-2: Foul Ball, location: 2F
3-2: Strikes out swinging
Batting: LHB Doug Anderson 0-0: Called Strike
0-1: Ball
1-1: Foul Ball, location: 2F
1-2: Ball
2-2: Foul Ball, location: 2F
2-2: Strikes out swinging
Batting: LHB Daniel Lopez 0-0: Foul Ball, location: 2F
0-1: Foul Ball, location: 2F
0-2: Strikes out swinging
Bottom of the 2nd over - 0 runs, 0 hits, 0 errors, 0 left on base; Pawtucket 1 - Fresno 0
TOP OF THE 3RD
Pawtucket Red Sox batting - Pitching for Fresno Grizzlies : RHP Chad Curry
Batting: LHB Noel Wilson 0-0: Called Strike
0-1: Foul Ball, location: 2F
0-2: Ground out 1-3 (Groundball, 13S, EV 67.5 MPH)
Batting: RHB Nate Dickinson 0-0: Foul Ball, location: 2F
0-1: Ball
1-1: Fly out, F7 (Flyball, 78M, EV 93.1 MPH)
Batting: LHB John Bailey 0-0: Called Strike
0-1: Reached on error, E4 (Groundball, 4M, EV 83.1 MPH)
Batting: LHB Shoichi Aso 0-0: Ball
1-0: Fly out, F8 (Line Drive, 8RD, EV 96.9 MPH)
Top of the 3rd over - 0 runs, 0 hits, 1 error, 1 left on base; Pawtucket 1 - Fresno 0
BOTTOM OF THE 3RD
Fresno Grizzlies batting - Pitching for Pawtucket Red Sox : RHP Rafael Gonzales
Batting: LHB Vinny Siebecker 0-0: Ball
1-0: Foul Ball, location: 2F
1-1: Ball
2-1: Swinging Strike
2-2: Strikes out swinging, 2-3 out at first.
Batting: RHB Raul Sanchez 0-0: Swinging Strike
0-1: Ball
1-1: Ball
2-1: Ball
3-1: Foul Ball, location: 2F
3-2: Foul Ball, location: 2F
3-2: Foul Ball, location: 2F
3-2: Foul Ball, location: 2F
3-2: Foul Ball, location: 2F
3-2: Strikes out swinging
Batting: LHB Bob Myers 0-0: Ball
1-0: Ball
2-0: Foul Ball, location: 2F
2-1: SOLO HOME RUN (Flyball, 9D, EV 107.5 MPH), Distance : 404 ft
Batting: LHB Mike Davis 0-0: Foul Ball, location: 2F
0-1: Ball
1-1: Foul Ball, location: 2F
1-2: Ball
2-2: Strikes out looking
Bottom of the 3rd over - 1 run, 1 hit, 0 errors, 0 left on base; Pawtucket 1 - Fresno 1
TOP OF THE 4TH
Pawtucket Red Sox batting - Pitching for Fresno Grizzlies : RHP Chad Curry
Batting: RHB Devon Fourcade 0-0: Ball
1-0: Swinging Strike
1-1: Fly out, F7 (Flyball, 7S, EV 86.9 MPH)
Batting: LHB Justin Wenzel 0-0: Ball
1-0: Ball
2-0: Ball
3-0: Foul Ball, location: 2F
3-1: Base on Balls
Batting: RHB Brandon Perris 0-0: Ball
1-0: SINGLE (Line Drive, 6M, EV 94.4 MPH)
Justin Wenzel to second
Batting: LHB Noel Young 0-0: Called Strike
0-1: Foul Ball, location: 2F
0-2: Ball
1-2: Ball
2-2: SINGLE (Groundball, 4MD, EV 96.9 MPH)
Justin Wenzel to third
Brandon Perris to second
Runner from 3rd tries for Home, SAFE, throw by CF to home
Batting: LHB Dave Reyes 0-0: Ball
1-0: Ball
2-0: SINGLE (Groundball, 4MS, EV 70.0 MPH) (infield hit)
Brandon Perris to third
Noel Young to second
Batting: LHB Noel Wilson 0-0: Called Strike
0-1: Foul Ball, location: 2F
0-2: Foul Ball, location: 2F
0-2: Ball
1-2: Ball
2-2: Ball
3-2: SINGLE (Groundball, 6D, EV 100.0 MPH)
Brandon Perris scores
Noel Young to third
Dave Reyes to second
Batting: RHB Nate Dickinson 0-0: Called Strike
0-1: Called Strike
0-2: Ball
1-2: Strikes out swinging
Batting: LHB John Bailey 0-0: Ball
1-0: Foul Ball, location: 2F
1-1: Ground out 1-3 (Groundball, 34S, EV 67.5 MPH)
Top of the 4th over - 2 runs, 4 hits, 0 errors, 3 left on base; Pawtucket 3 - Fresno 1
BOTTOM OF THE 4TH
Fresno Grizzlies batting - Pitching for Pawtucket Red Sox : RHP Rafael Gonzales
Batting: SHB Nate Kopchak 0-0: Called Strike
0-1: Called Strike
0-2: Ball
1-2: Strikes out swinging
Batting: SHB Troy Kenyon 0-0: Ball
1-0: Called Strike
1-1: Ball
2-1: Ball
3-1: Called Strike
3-2: Strikes out swinging
Batting: LHB Chris Cabrera 0-0: Called Strike
0-1: Ball
1-1: Ball
2-1: Swinging Strike
2-2: Strikes out swinging
Bottom of the 4th over - 0 runs, 0 hits, 0 errors, 0 left on base; Pawtucket 3 - Fresno 1
TOP OF THE 5TH
Pawtucket Red Sox batting - Pitching for Fresno Grizzlies : RHP Chad Curry
Batting: LHB Shoichi Aso 0-0: Ball
1-0: Single, Error in OF, E9, batter to second base (Groundball, 4, EV 105.6 MPH)
Batting: RHB Devon Fourcade 0-0: Called Strike
0-1: Ball
1-1: Foul Ball, location: 2F
1-2: Strikes out swinging
Batting: LHB Justin Wenzel 0-0: Ball
1-0: SINGLE (Line Drive, 4D, EV 98.8 MPH)
Shoichi Aso to third
Batting: RHB Brandon Perris 0-0: Foul Ball, location: 2F
0-1: Fielders Choice at 2nd, 4-6 (Groundball, 4, EV 83.8 MPH)
Shoichi Aso scores
Batting: LHB Noel Young 0-0: Called Strike
0-1: Ball
1-1: Foul Ball, location: 2F
1-2: Ball
2-2: Ball
Wild Pitch!
Brandon Perris to second
3-2: Fly out, F9 (Flyball, 9LS, EV 89.4 MPH)
Top of the 5th over - 1 run, 2 hits, 1 error, 1 left on base; Pawtucket 4 - Fresno 1
BOTTOM OF THE 5TH
Fresno Grizzlies batting - Pitching for Pawtucket Red Sox : RHP Rafael Gonzales
Batting: LHB Doug Anderson 0-0: Called Strike
0-1: Ground out 4-3 (Groundball, 34, EV 85.0 MPH)
Batting: LHB Daniel Lopez 0-0: Called Strike
0-1: Ball
1-1: Foul Ball, location: 2F
1-2: Strikes out swinging
Batting: LHB Vinny Siebecker 0-0: Called Strike
0-1: Swinging Strike
0-2: Strikes out swinging
Bottom of the 5th over - 0 runs, 0 hits, 0 errors, 0 left on base; Pawtucket 4 - Fresno 1
TOP OF THE 6TH
Pawtucket Red Sox batting - Pitching for Fresno Grizzlies : RHP Chad Curry
Batting: LHB Dave Reyes 0-0: Ball
1-0: Called Strike
1-1: SINGLE (Groundball, 6MD, EV 94.4 MPH)
Batting: LHB Noel Wilson 0-0: Ball
Dave Reyes steals 2nd base
1-0: Fly out, F9 (Flyball, 89S, EV 95.0 MPH)
Pitching: RHP Harry Christopher
Batting: RHB Nate Dickinson 0-0: Foul Ball, location: 2F
0-1: Foul Ball, location: 2F
0-2: Ball
1-2: Ball
2-2: Ball
3-2: Fly out, F9 (Line Drive, 9, EV 90.6 MPH)
Batting: LHB John Bailey 0-0: Ball
1-0: Called Strike
1-1: Ball
2-1: Fly out, F9 (Flyball, 9LS, EV 88.8 MPH)
Top of the 6th over - 0 runs, 1 hit, 0 errors, 1 left on base; Pawtucket 4 - Fresno 1
BOTTOM OF THE 6TH
Fresno Grizzlies batting - Pitching for Pawtucket Red Sox : RHP Rafael Gonzales
Pitching: LHP Ken Intagliata
Batting: RHB Raul Sanchez 0-0: Swinging Strike
0-1: Ball
1-1: Called Strike
1-2: Ball
2-2: Foul Ball, location: 2F
2-2: Ball
3-2: Strikes out looking
Batting: LHB Bob Myers 0-0: Called Strike
0-1: Ball
1-1: Called Strike
1-2: Ground out U3 (Groundball, 34S, EV 83.8 MPH)
Batting: LHB Mike Davis 0-0: Foul Ball, location: 2F
0-1: Ball
1-1: Ball
2-1: Called Strike
2-2: Foul Ball, location: 2F
2-2: Ball
3-2: Strikes out swinging
Bottom of the 6th over - 0 runs, 0 hits, 0 errors, 0 left on base; Pawtucket 4 - Fresno 1
TOP OF THE 7TH
Pawtucket Red Sox batting - Pitching for Fresno Grizzlies : RHP Harry Christopher
Batting: LHB Shoichi Aso 0-0: Called Strike
0-1: Foul Ball, location: 2F
0-2: Foul Ball, location: 2F
0-2: Ball
1-2: Foul Ball, location: 2F
1-2: Ground out 4-3 (Groundball, 4, EV 83.8 MPH)
Batting: RHB Devon Fourcade 0-0: Called Strike
0-1: Fly out, F8 (Flyball, 89XD, EV 101.9 MPH)
Batting: LHB Justin Wenzel 0-0: Foul Ball, location: 2F
0-1: Foul Ball, location: 2F
0-2: Ball
1-2: Ground out 6-3 (Groundball, 6, EV 79.4 MPH)
Top of the 7th over - 0 runs, 0 hits, 0 errors, 0 left on base; Pawtucket 4 - Fresno 1
BOTTOM OF THE 7TH
Fresno Grizzlies batting - Pitching for Pawtucket Red Sox : LHP Ken Intagliata
Batting: SHB Nate Kopchak 0-0: Called Strike
0-1: Ball
1-1: Swinging Strike
1-2: Strikes out swinging
Batting: SHB Troy Kenyon 0-0: Ball
1-0: Ball
2-0: Called Strike
2-1: Swinging Strike
2-2: Strikes out looking
Batting: LHB Chris Cabrera 0-0: Ball
1-0: Ball
2-0: Ball
3-0: Base on Balls
Batting: LHB Doug Anderson 0-0: Foul Ball, location: 2F
0-1: Called Strike
0-2: Ball
1-2: Strikes out swinging
Bottom of the 7th over - 0 runs, 0 hits, 0 errors, 1 left on base; Pawtucket 4 - Fresno 1
TOP OF THE 8TH
Pawtucket Red Sox batting - Pitching for Fresno Grizzlies : RHP Harry Christopher
Pitching: RHP Michael Bruce
Batting: RHB Brandon Perris 0-0: Ball
1-0: Ball
2-0: Ball
3-0: Called Strike
3-1: Base on Balls
Batting: LHB Noel Young 0-0: Sac Bunt to 23 - play at first, batter OUT! 3-4
Brandon Perris to second
Batting: LHB Dave Reyes 0-0: Intentional Walk
Batting: LHB Noel Wilson 0-0: Reached on error, E6 (Groundball, 6, EV 106.9 MPH)
Brandon Perris to third
Dave Reyes to second
Batting: RHB Nate Dickinson 0-0: Ball
1-0: Ball
2-0: Swinging Strike
2-1: Grounds into fielders choice 5-2 (Groundball, 5S, EV 67.5 MPH)
Dave Reyes to third
Noel Wilson to second
Batting: LHB John Bailey 0-0: Ball
1-0: Swinging Strike
1-1: Ball
2-1: SINGLE (Groundball, 4M, EV 100.0 MPH) (infield hit)
Dave Reyes scores
Noel Wilson to third
Nate Dickinson to second
Batting: LHB Shoichi Aso 0-0: Swinging Strike
0-1: Fly out, F8 (Flyball, 8RD, EV 80.6 MPH)
Top of the 8th over - 1 run, 1 hit, 1 error, 3 left on base; Pawtucket 5 - Fresno 1
BOTTOM OF THE 8TH
Fresno Grizzlies batting - Pitching for Pawtucket Red Sox : LHP Ken Intagliata
Pitching: RHP John McLeod
Batting: LHB Daniel Lopez 0-0: Ball
1-0: Called Strike
1-1: Called Strike
1-2: Strikes out swinging
Batting: LHB Vinny Siebecker 0-0: Called Strike
0-1: Ball
1-1: Called Strike
1-2: Strikes out looking
Batting: RHB Raul Sanchez 0-0: Ball
1-0: Called Strike
1-1: Ball
2-1: Foul Ball, location: 2F
2-2: Ball
3-2: Strikes out swinging
Bottom of the 8th over - 0 runs, 0 hits, 0 errors, 0 left on base; Pawtucket 5 - Fresno 1
TOP OF THE 9TH
Pawtucket Red Sox batting - Pitching for Fresno Grizzlies : RHP Michael Bruce
Batting: RHB Devon Fourcade 0-0: Called Strike
0-1: Ball
1-1: Foul Ball, location: 2F
1-2: Strikes out swinging
Batting: LHB Justin Wenzel 0-0: Ball
1-0: Swinging Strike
1-1: Fly out, F9 (Flyball, 9S, EV 88.1 MPH)
Batting: RHB Brandon Perris 0-0: Ball
1-0: Foul Ball, location: 2F
1-1: Ball
2-1: Swinging Strike
2-2: Ball
3-2: Base on Balls
Batting: LHB Noel Young 0-0: Ball
1-0: Called Strike
1-1: Called Strike
1-2: Fly out, F8 (Line Drive, 8RD, EV 99.4 MPH)
Top of the 9th over - 0 runs, 0 hits, 0 errors, 1 left on base; Pawtucket 5 - Fresno 1
BOTTOM OF THE 9TH
Fresno Grizzlies batting - Pitching for Pawtucket Red Sox : RHP John McLeod
Pitching: RHP Robby Granados
Batting: LHB Bob Myers 0-0: Ball
1-0: SOLO HOME RUN (Flyball, 9D, EV 94.4 MPH), Distance : 366 ft
Pitching: RHP Billy Fitzgerald
Batting: LHB Mike Davis 0-0: Ball
1-0: Foul Ball, location: 2F
1-1: Foul Ball, location: 2F
1-2: Foul Ball, location: 2F
1-2: Ball
2-2: Ball
3-2: Strikes out looking
Batting: SHB Nate Kopchak 0-0: Ball
1-0: Called Strike
1-1: Ball
2-1: Ball
3-1: Base on Balls
Batting: SHB Troy Kenyon 0-0: Called Strike
0-1: Ball
1-1: Ball
2-1: Foul Ball, location: 2F
2-2: Ball
3-2: Base on Balls
Nate Kopchak to second
Batting: LHB Chris Cabrera 0-0: Ball
1-0: Called Strike
1-1: Swinging Strike
1-2: Ball
2-2: Grounds into double play, 5-4-3 (Groundball, 56, EV 102.5 MPH)
Bottom of the 9th over - 1 run, 1 hit, 0 errors, 1 left on base; Pawtucket 5 - Fresno 2
Wednesday, June 22nd , 2022 - OOTP Baseball 23.4 Build 64